 Dungeon Crawl Stone Soup version 0.21-a0-396-ga924934 (webtiles) character file.

4 grizmgrazm2 the Cudgeler (level 1, 0/11 HPs)
             Began as a Vine Stalker Gladiator on Oct 19, 2017.
             Killed from afar by a dart slug (5 damage)
             ... with a slug dart
             ... on level 1 of the Dungeon.
             The game lasted 00:00:30 (61 turns).

grizmgrazm2 the Cudgeler (Vine Stalker Gladiator)     Turns: 61, Time: 00:00:31

Health: 0/11       AC:  4    Str: 16    XL:     1   Next: 60%
Magic:  0/2        EV: 13    Int:  8    God:
Gold:   14         SH:  0    Dex: 15    Spells: 0/0 levels left

rFire    . . .     SeeInvis .   a - +0 flail
rCold    . . .     Gourm    .   (no shield)
rNeg     . . .     Faith    .   b - +0 leather armour
rPois    .         Spirit   +   c - +0 helmet
rElec    .         Reflect  .   (no cloak)
rCorr    .         Harm     .   (no gloves)
MR       .....                  (no boots)
Stlth    +.........             (no amulet)
HPRegen  0.03/turn              (no ring)
MPRegen  0.08/turn              (no ring)

@: no status effects
A: fangs 2, magic shield, antimagic bite, no potion heal 3, rot immunity
a: no special abilities


You were on level 1 of the Dungeon.
You were not hungry.

You visited 1 branch of the dungeon, and saw 1 of its levels.

You collected 14 gold pieces.

Inventory:

Hand Weapons
 a - a +0 flail (weapon)
Missiles
 d - 3 throwing nets (quivered)
Armour
 b - a +0 leather armour (worn)
 c - a +0 helmet (worn)
Scrolls
 e - 2 scrolls of identify {unknown}
Comestibles
 f - a bread ration


   Skills:
 + Level 1.7 Fighting
 + Level 2.7 Maces & Flails
 + Level 1.7 Throwing
 + Level 2.6 Dodging


You couldn't memorise any spells.
You didn't know any spells.

Dungeon Overview and Level Annotations

Branches:
Dungeon (1/15)

Altars:


Innate Abilities, Weirdness & Mutations

You have extremely sharp teeth.
When hurt, damage is shared between your health and your magic reserves.
Your bite disrupts and absorbs the magic of your enemies.
Potions cannot restore your health.
You are immune to rotting.


Message History

You kill the kobold!
You closely miss the goblin. The goblin closely misses you.
You closely miss the goblin. The goblin closely misses you.
The goblin hits you but does no damage.
You barely miss the goblin. You bite the goblin. You drain its power.
The goblin is heavily wounded.
The goblin hits you but does no damage.
You closely miss the goblin.
The goblin is heavily wounded.
The goblin hits you.
You closely miss the goblin. Your bite misses the goblin.
The goblin is heavily wounded.
The goblin misses you.
You sock the goblin!
You kill the goblin!
The dart slug launches a dart at you. The slug dart misses you.
The dart slug launches a dart at you. The slug dart hits you!
You die...

... #..# ## #..#
... #..# ...#
#..# #.... #..#
##... #..#######
#.... #..w..@..#
..#####
##.#####.#
....... #.# #
.......
#K#####.#
..#####
########g....w.#
........##.....#
##....g.##....##
#.......# ...#
##+#....# .....


You could see a dart slug.

Vanquished Creatures
  A giant cockroach (D:1)
  A goblin (D:1)
  A kobold (D:1)
3 creatures vanquished.

Notes
Turn   | Place    | Note
-------+----------+-------------------------------------------
     0 | D:1      | grizmgrazm2 the Vine Stalker Gladiator began the quest for the Orb.
     0 | D:1      | Reached XP level 1. HP: 11/11 MP: 2/2
     5 | D:1      | Noticed a naga
     5 | D:1      | Noticed a tengu
     7 | D:1      | Noticed a merfolk
     7 | D:1      | Noticed a draconian
     9 | D:1      | Noticed a demigod
     9 | D:1      | Noticed a dwarf
    11 | D:1      | Noticed a vine stalker
    11 | D:1      | Noticed an octopode
    13 | D:1      | Noticed a centaur
    13 | D:1      | Noticed an elf
    15 | D:1      | Noticed a human
    17 | D:1      | Noticed a vampire
    17 | D:1      | Noticed a gargoyle
    19 | D:1      | Noticed a ghoul
    19 | D:1      | Noticed an ogre
    21 | D:1      | Noticed a halfling
    21 | D:1      | Noticed a minotaur
    23 | D:1      | Noticed a troll
    23 | D:1      | Noticed a demonspawn
    25 | D:1      | Noticed a formicid
    27 | D:1      | Noticed a spriggan
    27 | D:1      | Noticed a felid
    61 | D:1      | Killed from afar by a dart slug

Vault maps used:
D:1:      kb_arrival_jail, minmay_tree_intersection

Action                   || total
-------------------------++-------
Melee: Flail             ||    11
       Bite              ||     3
Armor: Leather armour    ||     3
Dodge: Dodged            ||     8

Table legend:
 A = Spawn XP
 B = Non-spawn XP
 C = Spawn XP percentage of total XP
 D = Spawn monster count
 E = Non-spawn monster count
 F = Spawn count percentage of total count
 G = Total turns spent on level
                    A         B        C        D         E        F      G
               +---------+---------+-------+---------+---------+-------+---------
         Total |       0 |       6 |   0.0 |       0 |       3 |   0.0 |    61
               +---------+---------+-------+---------+---------+-------+---------
           D:1 |       0 |       6 |   0.0 |       0 |       3 |   0.0 |    61
               +---------+---------+-------+---------+---------+-------+---------
